 Dungeon Crawl Stone Soup version 0.30-a0-748-ge6a52f7cba (webtiles) character file.

Game seed: 14541335802962584557

217 Dittersdorf the Shield-Bearer (level 5, -9/34 HPs)
             Began as a Gargoyle Fighter on Feb 8, 2023.
             Killed by divine providence
             ... invoked by an orc priest
              (10 damage)
             ... on level 4 of the Dungeon.
             The game lasted 00:03:49 (2287 turns).

Dittersdorf the Shield-Bearer (Gargoyle Fighter)    Turns: 2287, Time: 00:03:50

Health: -9/34      AC: 13    Str: 22    XL:     5   Next: 94%
Magic:  5/5        EV:  8    Int:  8    God:
Gold:   167        SH: 10    Dex:  9    Spells: 4/4 levels left

rFire   . . .      SeeInvis +    v - +0 morningstar
rCold   + . .      Faith    .    s - +2 kite shield {rN+}
rNeg    + + .      Spirit   .    b - +0 scale mail
rPois   ∞          Reflect  .    t - +0 helmet
rElec   +          Harm     .    i - +0 cloak
rCorr   .          Rampage  .    (no gloves)
Will    .....                    (no boots) Stlth
                                 (no amulet)
HPRegen 0.25/turn                k - ring of protection from cold
MPRegen 0.09/turn                c - ring of see invisible

@: no status effects
A: sickness immunity, AC +4, negative energy resistance 1, electricity
resistance, torment resistance 1, petrification resistance
a: no special abilities


You were on level 4 of the Dungeon.
You visited 1 branch of the dungeon, and saw 4 of its levels.

You collected 167 gold pieces.

Inventory:

Hand Weapons
 v - a +0 morningstar (weapon)
Armour
 b - a +0 scale mail (worn)
 i - a +0 cloak (worn)
 s - a +2 kite shield of positive energy (worn)
 t - a +0 helmet (worn)
Jewellery
 c - a ring of see invisible (right hand)
 k - a ring of protection from cold (left hand)
Wands
 a - a wand of charming (10)
Scrolls
 e - a scroll of amnesia {unknown}
 f - 3 scrolls of poison {unknown}
 g - 2 scrolls of fear {unknown}
 m - a scroll of immolation {unknown}
 n - 3 scrolls of enchant armour {unknown}
 p - 2 scrolls of identify {unknown}
 u - a scroll of silence {unknown}
Potions
 d - a potion of might
 h - a potion of haste {unknown}
 j - a potion of lignification {unknown}
 l - a potion of attraction {unknown}
 o - 2 potions of curing {unknown}
 q - a potion of berserk rage {unknown}
 r - a potion of heal wounds {unknown}


   Skills:
 + Level 4.4 Fighting
 + Level 3.4 Maces & Flails
 + Level 4.5 Armour
 + Level 4.5 Shields


You had 4 spell levels left.
You didn't know any spells.
Your spell library was empty.

Dungeon Overview and Level Annotations

Branches:
Dungeon (4/15)
 Temple: D:4-7

Altars:
Hepliaklqana
Sif Muna
Trog


Innate Abilities, Weirdness & Mutations

You are immune to sickness and miasma.
Your stone body is resilient. (AC +4)
You are immune to poison.
You resist negative energy. (rN+)
You are resistant to electric shocks. (rElec)
You are resistant to unholy torment.
You are immune to petrification.


Message History

You hit the orc wizard.
You kill the orc wizard!
The orc priest mumbles some strange prayers to Beogh against you.
Beogh smites you!
* * * LOW HITPOINT WARNING * * *
The orc priest barely misses you.
The orc priest begins to cast a cantrip, but forgets the words!
You are too injured to fight recklessly!
You are too injured to fight recklessly!
You are too injured to fight recklessly!
You are too injured to fight recklessly!
You are too injured to fight recklessly!
You are too injured to fight recklessly!
You are too injured to fight recklessly!
You are too injured to fight recklessly!
You are too injured to fight recklessly!
You are too injured to fight recklessly!
You are too injured to fight recklessly!
You are too injured to fight recklessly!
You are too injured to fight recklessly!
You are too injured to fight recklessly!
You are too injured to fight recklessly!
You are too injured to fight recklessly!
You are too injured to fight recklessly!
You are too injured to fight recklessly!
You are too injured to fight recklessly!
You sock the orc priest!
The orc priest is severely wounded.
The adder bites you.
* * * LOW HITPOINT WARNING * * *
The orc priest barely misses you. You block the adder's attack.
You puncture the orc priest!
You kill the orc priest!
The adder bites you.
* * * LOW HITPOINT WARNING * * *
The orc priest looks encouraged for a moment.
You block the adder's attack.
The orc priest invokes the aid of Beogh against you.
Beogh smites you!
You die...

.. ### ..# ..##..
.. ...... ..
......##.
......... .#.
........# ....
..##..oS# .....
#....)@##.....
#...(...#.....
.##.............
................
......###...#....
......#.....#....
.......<........
.#..............
#..............


You could see an orc priest and an adder.

Vanquished Creatures
  An orc priest (D:4)
  An iguana (D:3)
  3 orc wizards
  3 adders (D:2)
  2 worms (D:2)
  4 dart slugs
  7 orcs
  8 ball pythons
  3 bats
  2 endoplasms (D:1)
  5 giant cockroaches
  6 goblins
  A hobgoblin (D:3)
  5 kobolds
  A quokka (D:1)
  5 frilled lizards
  4 rats
61 creatures vanquished.

Vanquished Creatures (others)
  An orc wizard (D:3)
1 creature vanquished.

Grand Total: 62 creatures vanquished

Notes
Turn   | Place    | Note
-------+----------+-------------------------------------------
     0 | D:1      | Dittersdorf the Gargoyle Fighter began the quest for the
                  | Orb.
     0 | D:1      | Reached XP level 1. HP: 14/14 MP: 1/1
   150 | D:1      | Reached XP level 2. HP: 15/19 MP: 2/2
   800 | D:2      | Reached XP level 3. HP: 23/23 MP: 3/3
   831 | D:2      | Found a faded altar of an unknown god.
  1001 | D:2      | Reached XP level 4. HP: 29/29 MP: 4/4
  1063 | D:2      | Found a hazy altar of Hepliaklqana.
  1391 | D:3      | Found a bloodstained altar of Trog.
  1851 | D:3      | Reached XP level 5. HP: 30/33 MP: 5/5
  2134 | D:3      | Found a shimmering blue altar of Sif Muna.
  2287 | D:4      | HP: 1/34 [adder (2)]
  2287 | D:4      | Killed from afar by an orc priest

Illustrated notes

Levels and vault maps discovered:
D:1:      amcnicky_arrival_blooded_trapdoor, layout_basic,
          corexii_item_surrounded_by_moat
D:2:      layout_loops_ring, basic_altar, hellmonk_ecumenical_altar_lost_god
D:3:      layout_loops_ring, nicolae_sif_muna_little_library, old_standard_altar
D:4:      layout_cave_pools, ebering_ghost_reflecting_pool

Skill      XL: |  1  2  3  4 |
---------------+-------------+-----
Shields        | 4 |  4.5
Armour         | 4 |  4.5
Fighting       | 4 |  4.4
Maces & Flails | 3 |  3.4

Action                     |  1- 3 |  4- 6 || total
---------------------------+-------+-------++-------
  Melee: Flail             |    94 |   122 ||   216
         Morningstar       |       |     8 ||     8
 Armour: Scale mail        |    42 |    59 ||   101
  Dodge: Dodged            |    48 |    49 ||    97
  Block: Buckler           |    18 |     9 ||    27
         Kite shield       |       |    51 ||    51

Table legend: (Time is in decaauts)
 A = Elapsed time spent in this place.
 B = Non-inter-level travel time spent in this place.
 C = Inter-level travel time spent in this place.
 D = Time resting spent in this place.
 E = Time spent auto-exploring this place.
 F = Levels seen in this place.
 G = Mean time per level.
                   A        B        C        D        E       F      G
               +--------+--------+--------+--------+--------+-----+--------+
         Total |   2366 |   2255 |    111 |     24 |   1675 |   4 |  591.5 |
       Dungeon |   2366 |   2255 |    111 |     24 |   1675 |   4 |  591.5 |
               +--------+--------+--------+--------+--------+-----+--------+

Top non-repeatable levels by time:
     D:3: 880 daAuts
     D:1: 825 daAuts
     D:2: 611 daAuts
     D:4: 49 daAuts
